 Dungeon Crawl Stone Soup version 0.17.0 (webtiles) character file.

173 Eucla the Chopper (level 5, -1/46 HPs)
             Began as a Minotaur Gladiator on Nov 10, 2015.
             Was an Initiate of Ru.
             Slain by Crazy Yiuf
             ... wielding a +2 quarterstaff of chaos
              (2 damage)
             ... while paralysed by Crazy Yiuf
             ... on level 3 of the Dungeon.
             The game lasted 00:01:49 (1398 turns).

Eucla the Chopper (Minotaur Gladiator)              Turns: 1398, Time: 00:01:49

Health: -1/46      AC:  4    Str: 19    XL:     5   Next: 28%
Magic:  4/4        EV:  2    Int:  8    God:    Ru [......]
Gold:   147        SH:  0    Dex: 12    Spells: 0 memorised, 4 levels left

rFire  . . .     SeeInvis .     a - +0 war axe
rCold  . . .     Clarity  .     b - +0 leather armour
rNeg   . . .     SustAt   +     (no shield)
rPois  .         Gourm    .     c - +0 hat
rElec  .         Spirit   .     k - +0 cloak (curse)
rCorr  .         Warding  .     (no gloves)
rMut   .         Stasis   .     (no boots)
MR     .....                    (no amulet)
Stlth  +.........               r - ring of sustain attributes
                                g - +3 ring of intelligence

@: paralysed, not resistant to hostile enchantments, very unstealthy
A: retaliatory headbutt, horns 2
a: Renounce Religion


You were on level 3 of the Dungeon.
You worshipped Ru.
Ru was noncommittal.
You were not hungry.

You visited 1 branch of the dungeon, and saw 3 of its levels.

You collected 147 gold pieces.

Inventory:

Hand Weapons
 a - a +0 war axe (weapon)
Missiles
 d - 3 throwing nets (quivered)
Armour
 b - a +0 leather armour (worn)
 c - a +0 hat (worn)
 k - a cursed +0 cloak (worn)
Jewellery
 g - a +3 ring of intelligence (left hand)
 r - a ring of sustain attributes (right hand)
Scrolls
 m - a scroll of identify {unknown}
 p - a scroll of random uselessness {unknown}
Potions
 f - a potion of brilliance {unknown}
 h - 2 potions of haste {unknown}
 j - a potion of cancellation {unknown}
 l - a potion of poison {unknown}
 n - a potion of magic {unknown}
 q - a potion of lignification {unknown}
Comestibles
 e - 2 bread rations
 i - 2 beef jerkies
 o - a meat ration
 t - a slice of pizza


   Skills:
 + Level 3.9 Fighting
 + Level 4.7 Axes
 - Level 2.0 Throwing
 + Level 2.8 Armour
 + Level 4.4 Dodging


You had 4 spell levels left.
You didn't know any spells.

Dungeon Overview and Level Annotations

Branches:
Dungeon (3/15)

Altars:
Gozag
Qazlal
Ru
Sif Muna
Yredelemnul
The Shining One

Annotations:
D:3 Crazy Yiuf


Innate Abilities, Weirdness & Mutations

You reflexively headbutt those who attack you in melee.
You have a pair of horns on your head.


Message History

Crazy Yiuf moves out of view.
Crazy Yiuf is too close now for your liking.
Crazy Yiuf is nearby!
You hit Crazy Yiuf.
Crazy Yiuf is lightly wounded.
Crazy Yiuf hits you with a quarterstaff of chaos!
You suddenly lose the ability to move!
Crazy Yiuf hits you with a quarterstaff of chaos.
Crazy Yiuf burns you.
Crazy Yiuf cries, "Fire!"
Crazy Yiuf hits you with a quarterstaff of chaos.
You are electrocuted!
* * * LOW HITPOINT WARNING * * *
Crazy Yiuf hits you with a quarterstaff of chaos.
* * * LOW HITPOINT WARNING * * *
Crazy Yiuf draws strength from your injuries!
Crazy Yiuf hits you with a quarterstaff of chaos!
* * * LOW HITPOINT WARNING * * *
Crazy Yiuf freezes you.
You die...

.# #.......#.#..#..#.#####...###
#.###.......#.#..#..#(#..........
.......>.<....#..........).......
.####....################).......
...##....# ###...##. .#.##....#
#...##. .#.##.#### ###
♣♣####...##. ......#### #)).#♣♣
♣♣....#...##. ##.......#
#...g@♣♣♣♣......#.###. #########
#...#♣..♣...........†. ###
♣♣♣.♣)...#.#.###. ♣♣♣♣♣###.#.....
#.##.... ###########.......
#.......#.........
#.##.##.#..#.#..#.
#.##.##.#.........


You could see Crazy Yiuf.

Vanquished Creatures
  An orc priest (D:3)
  Ijyb (D:2)
  Terence (D:2)
  4 adders
  A worm (D:3)
  A giant gecko (D:1)
  4 orcs (D:3)
  A ball python (D:2)
  5 giant cockroaches
  5 goblins
  7 hobgoblins
  4 jackals (D:2)
  3 kobolds
  A quokka (D:2)
  A bat (D:1)
  2 giant newts
  4 rats (D:1)
46 creatures vanquished.

Notes
Turn   | Place    | Note
--------------------------------------------------------------
     0 | D:1      | Eucla the Minotaur Gladiator began the quest for the Orb.
     0 | D:1      | Reached XP level 1. HP: 18/18 MP: 0/0
   152 | D:1      | Reached XP level 2. HP: 25/25 MP: 1/1
   196 | D:1      | Reached skill level 1 in Armour
   545 | D:2      | Noticed Ijyb
   545 | D:2      | Noticed Terence
   547 | D:2      | Killed Terence
   547 | D:2      | Reached skill level 4 in Axes
   547 | D:2      | Reached XP level 3. HP: 29/31 MP: 2/2
   569 | D:2      | Killed Ijyb
   569 | D:2      | Reached XP level 4. HP: 30/38 MP: 3/3
   757 | D:2      | Found a sacrificial altar of Ru.
   843 | D:2      | Became a worshipper of Ru the Awakened
  1117 | D:3      | Found a stormy altar of Qazlal.
  1120 | D:3      | Found an opulent altar of Gozag.
  1121 | D:3      | Found a basalt altar of Yredelemnul.
  1122 | D:3      | Found a deep blue altar of Sif Muna.
  1126 | D:3      | Found a glowing golden altar of the Shining One.
  1203 | D:3      | Reached XP level 5. HP: 39/46 MP: 4/4
  1390 | D:3      | Noticed Crazy Yiuf
  1393 | D:3      | Paralysed by Crazy Yiuf for 6 turns
  1398 | D:3      | HP: 1/46 [Crazy Yiuf/quarterstaff of chaos (7)]
  1398 | D:3      | Slain by Crazy Yiuf

Action                   |  1- 3 |  4- 6 || total
-------------------------+-------+-------++-------
Melee: War axe           |    54 |    45 ||    99
  Eat: Chunk             |       |     2 ||     2
